 Dungeon Crawl Stone Soup version 0.21.0-3-g78d12a8 (webtiles) character file.

150 Suckerboh the Sneak (level 5, -2/24 HPs)
             Began as a Spriggan Enchanter on Jan 9, 2018.
             Slain by BABULAY's ghost (13 damage)
             ... on level 3 of the Dungeon.
             The game lasted 00:06:33 (3337 turns).

Suckerboh the Sneak (Spriggan Enchanter)            Turns: 3337, Time: 00:06:34

Health: -2/24      AC:  2    Str:  4    XL:     5   Next: 10%
Magic:  8/11       EV: 19    Int: 18    God:
Gold:   125        SH:  2    Dex: 16    Spells: 2/11 levels left

rFire    . . .     SeeInvis +   a - +1 dagger
rCold    . . .     Gourm    .   (shield restricted)
rNeg     . . .     Faith    .   b - +0 robe
rPois    .         Spirit   .   (helmet restricted)
rElec    .         Reflect  +   (no cloak)
rCorr    .         Harm     .   (gloves unavailable)
MR       .....                  (boots unavailable)
Stlth    +++.......             k - +2 amulet of reflection
HPRegen  0.08/turn              j - ring of wizardry
MPRegen  0.12/turn              (no ring)

@: very quick
A: very small, unfitting armour, see invisible, herbivore, speed 3, slow
metabolism 2
a: no special abilities


You were on level 3 of the Dungeon.
You were not hungry.

You visited 1 branch of the dungeon, and saw 3 of its levels.

You collected 125 gold pieces.

Inventory:

Hand Weapons
 a - a +1 dagger (weapon)
Armour
 b - a +0 robe (worn)
Jewellery
 j - a ring of wizardry (left hand)
 k - a +2 amulet of reflection (around neck)
 o - a cursed ring of teleportation {unknown}
Scrolls
 f - 2 scrolls of teleportation {unknown}
 g - 4 scrolls of identify {unknown}
 i - a scroll of enchant weapon {unknown}
 p - 4 scrolls of immolation {unknown}
Potions
 e - 3 potions of brilliance {unknown}
 h - a potion of heal wounds {unknown}
 l - 2 potions of might {unknown}
 n - 2 potions of ambrosia {unknown}
 q - a potion of curing
Books
 c - a book of Maledictions

   Spells                             Type                      Level
   a - Corona                         Hexes                        1
   b - Ensorcelled Hibernation        Hexes/Ice                    2
   c - Confuse                        Hexes                        3
   d - Tukima's Dance                 Hexes                        3
   e - Dazzling Spray                 Conjuration/Hexes            3
 m - a book of Minor Magic

   Spells                             Type                      Level
   a - Magic Dart                     Conjuration                  1
   b - Blink                          Translocation                2
   c - Call Imp                       Summoning                    2
   d - Slow                           Hexes                        2
   e - Conjure Flame                  Conjuration/Fire             3
   f - Mephitic Cloud                 Conjuration/Poison/Air       3
Comestibles
 d - 4 rations


   Skills:
 + Level 0.2 Fighting
 + Level 2.5 Short Blades
 + Level 3.4 Dodging
 + Level 6.1 Stealth
 * Level 3.7 Spellcasting
 * Level 4.6 Hexes


You had 2 spell levels left.
You knew the following spells:

 Your Spells              Type           Power        Failure   Level  Hunger
a - Corona                Hex            ###....      1%          1    None
b - Ensorcelled Hibernat  Hex/Ice        ##....       3%          2    ##.....
c - Confuse               Hex            ###.....     2%          3    ###....
d - Dazzling Spray        Conj/Hex       ##....       7%          3    ###....


Dungeon Overview and Level Annotations

Branches:
Dungeon (3/15)

Altars:

Annotations:
D:3 BABULAY's ghost, amateur MiGl


Innate Abilities, Weirdness & Mutations

You are very small and have problems with some larger weapons.
You are too small for most types of armour.
You have supernaturally acute eyesight. (SInv)
You are a herbivore.
You cover ground extremely quickly.
You need consume almost no food.


Message History

Casting: Ensorcelled Hibernation
Confirm with . or Enter, or press ? or * to list all spells.
Aiming: Confuse
Press: ? - help, Shift-Dir - straight line, f - BABULAY's ghost
Aim: BABULAY's ghost (chance to defeat MR: 45%) BABULAY's ghost appears confused.
BABULAY's ghost hits you.
You completely miss BABULAY's ghost.
You hit BABULAY's ghost but do no damage.
BABULAY's ghost completely misses you.
You hit BABULAY's ghost.
BABULAY's ghost is lightly damaged.
You hit BABULAY's ghost.
BABULAY's ghost is lightly damaged.
BABULAY's ghost hits you!
You hit BABULAY's ghost but do no damage.
BABULAY's ghost is lightly damaged.
BABULAY's ghost hits you!
Ouch! That really hurt!
You die...

.# #.#.# #...#
#.#.# #...#####
...#W# #...W...#
.####.....#.###.#
.# #.#####.# #(# .
.W#.# #.# .#.#
#.#.# #.# .[.#
###.#.# #W# .#.#
.....# #@# . ....#
#.# .W. ##.#.# #.#
#### ###).#.# #.#
#......# #.#
#######.###..###.#
........# #.<....#
.######.###.รท#####
.# #......#


You could see BABULAY's ghost (confused).

Vanquished Creatures
  6 adders
  An ooze (D:1)
  2 worms
  2 dart slugs
  4 leopard geckos
  9 orcs (D:3)
  A ball python (D:1)
  12 bats
  A giant cockroach (D:1)
  7 hobgoblins
  6 kobolds
  2 quokkas (D:2)
  3 frilled lizards
  8 goblins
  7 rats
71 creatures vanquished.

Vanquished Creatures (others)
  A kobold (D:2)
1 creature vanquished.

Grand Total: 72 creatures vanquished

Notes
Turn   | Place    | Note
-------+----------+-------------------------------------------
     0 | D:1      | Suckerboh the Spriggan Enchanter began the quest for the Orb.
     0 | D:1      | Reached XP level 1. HP: 9/9 MP: 5/5
   299 | D:1      | Reached XP level 2. HP: 7/13 MP: 6/6
   432 | D:1      | Learned a level 2 spell: Ensorcelled Hibernation
   819 | D:1      | Reached skill level 5 in Stealth
  1096 | D:2      | Reached XP level 3. HP: 13/16 MP: 0/8
  1972 | D:2      | Reached XP level 4. HP: 18/21 MP: 6/9
  2106 | D:2      | Learned a level 3 spell: Confuse
  2110 | D:2      | Learned a level 3 spell: Dazzling Spray
  2727 | D:3      | Reached skill level 6 in Stealth
  2840 | D:3      | Noticed BABULAY's ghost (amateur MiGl)
  2863 | D:3      | Reached XP level 5. HP: 18/24 MP: 11/11
  3337 | D:3      | Slain by BABULAY's ghost

Skill      XL: |  1  2  3  4 |
---------------+-------------+-----
Hexes          | 4 |  4.6
Stealth        | 5 6 |  6.1
Short Blades   | 2 |  2.5
Spellcasting   | 3 |  3.7
Fighting       | |  0.2
Dodging        | |  3.4

Action                   |  1- 3 |  4- 6 || total
-------------------------+-------+-------++-------
Melee: Dagger            |   174 |   137 ||   311
 Cast: Ensorcelled Hiber |     9 |    23 ||    32
       Confuse           |       |     1 ||     1
 Stab: Sleeping          |    11 |    20 ||    31
  Eat: Ration            |       |     1 ||     1
Armor: Robe              |    17 |    13 ||    30
Dodge: Dodged            |   191 |    85 ||   276
Block: Other             |       |    10 ||    10
